[Event "Titled Tuesday Blitz November 14 Early 2023"]
[White "Madaminov, Mukhiddin"]
[Black "Le, Tuan Minh"]
[WhiteFideId "14210703"]
[BlackFideId "12401153"]
[WhiteElo "2872"]
[BlackElo "3065"]
[Result "1/2-1/2"]
[Round "4"]
[TimeControl "180+1"]
[Date "2023.11.14"]
[WhiteClock "0:00:09"]
[BlackClock "0:00:05"]
[Board "7"]

1. e4 e5 2. Nf3 Nc6 3. Bb5 a6 4. Ba4 Bc5 5. c3 Nge7 6. d4 exd4 7. cxd4 Bb4+ 8. Nc3 d5 9. O-O Bxc3 10. bxc3 O-O 11. exd5 Nxd5 12. Qd3 Nce7 13. Ba3 Bf5 14. Qd2 b5 15. Bb3 Re8 16. Rfe1 c6 17. Bc5 Ng6 18. Rxe8+ Qxe8 19. Re1 Qd7 20. Ne5 Nxe5 21. Rxe5 Be6 22. h4 Re8 23. h5 h6 24. Bc2 Nf6 25. a3 Bd5 26. Bf5 Be6 27. Bc2 Bd5 28. Qf4 a5 29. f3 a4 30. Kf2 Bc4 31. Bf5 Qd8 32. Bc2 Bb3 33. Bd3 Re6 34. Rxe6 Bxe6 35. Qe5 Nd7 36. Qe4 Nxc5 37. Qh7+ Kf8 38. Qh8+ Ke7 39. Qxd8+ Kxd8 40. dxc5 Bd5 41. g4 Ke7 42. Kg3 Kf6 43. f4 g5 44. Bf5 Bh1 45. Bd3 Bd5 46. Bc2 Bh1 47. Bb1 Bd5 48. Bd3 Bh1 49. c4 b4 50. axb4 a3 51. Bb1 Be4 52. Ba2 Bd3 53. Kf3 Bf1 54. Ke3 gxf4+ 55. Kxf4 Be2 56. Bb3 Bd1 57. Ba2 Be2 58. Bb3 Bd3 59. Ke3 Bf1 60. Kf2 Bd3 61. Ke3 Bb1 62. b5 Ke7 63. b6 Kd8 64. g5 hxg5 65. h6 Bh7 66. Kf3 f5 67. Kg3 Kd7 68. Ba2 Bg6 69. Kf3 Kc8 70. Kg3 Kb7 71. Kf3 f4 72. Kg4 Be4 73. Bb3 Bd3 74. Kf3 Bf5 75. Ba2 Bc2 76. Kg4 Ka6 77. Kf3 Bf5 78. Bb3 Kb7 79. Ba2 Kc8 80. Bb3 Bg6 81. Kg4 Bd3 82. Ba2 Bc2 83. Kf3 Kb8 84. Kg4 Be4 85. Bb3 f3 86. Kg3 g4 87. Ba2 Kb7 88. Kf2 Bd3 89. Kg3 Bc2 90. Kf2 Be4 91. Kg3 Bh7 92. Kf2 Bg6 93. Kg3 Bf5 94. Kf2 Be4 95. Kg3 1/2-1/2


[Site "https://www.chess.com"]

[Event "Titled Tuesday Blitz November 14 Early 2023"]
[White "Kozak, Antoni"]
[Black "Lazavik, Denis"]
[WhiteFideId "21832030"]
[BlackFideId "13515110"]
[WhiteElo "2835"]
[BlackElo "3058"]
[Result "0-1"]
[Round "4"]
[TimeControl "180+1"]
[Date "2023.11.14"]
[WhiteClock "0:00:00"]
[BlackClock "0:00:21"]
[Board "8"]

1. e4 c5 2. Nf3 e6 3. Nc3 Nc6 4. Bb5 Nd4 5. O-O a6 6. Bd3 Nc6 7. Re1 g5 8. Kh1 g4 9. Ng1 h5 10. b3 Bg7 11. Bb2 d6 12. Qc1 Nge7 13. Nce2 Ne5 14. Nf4 N7c6 15. Bf1 h4 16. c3 g3 17. f3 gxh2 18. Ngh3 Ng6 19. Nxg6 fxg6 20. d4 cxd4 21. cxd4 Nxd4 22. Qd1 e5 23. Nf4 Qg5 24. Bxd4 exd4 25. Nd5 O-O 26. f4 Qg3 27. Bc4 Kh7 28. Rf1 Bg4 29. Qd3 b5 30. Qxg3 hxg3 31. Bd3 Rac8 32. Rac1 Be6 33. Rxc8 Rxc8 34. f5 gxf5 35. Nf4 Bf7 36. e5 Rc5 37. Bxf5+ Kg8 38. e6 Rxf5 39. exf7+ Kxf7 40. a4 Be5 41. axb5 Rxf4 0-1


[Site "https://www.chess.com"]

[Event "Titled Tuesday Blitz November 14 Early 2023"]
[White "Erdogmus, Yagiz Kaan"]
[Black "Rychkov, Oleg"]
[WhiteFideId "44599790"]
[BlackFideId "4122852"]
[WhiteElo "3044"]
[BlackElo "2831"]
[Result "1-0"]
[Round "4"]
[TimeControl "180+1"]
[Date "2023.11.14"]
[WhiteClock "0:00:12"]
[BlackClock "0:00:08"]
[Board "9"]

1. e4 e5 2. Nf3 Nc6 3. Bc4 Nf6 4. Ng5 d5 5. exd5 Nd4 6. c3 b5 7. Bf1 Nxd5 8. cxd4 Qxg5 9. Bxb5+ Kd8 10. Qf3 Bb7 11. O-O Rb8 12. dxe5 Ne3 13. Qh3 Qxg2+ 14. Qxg2 Nxg2 15. d4 Nh4 16. Bg5+ Be7 17. Bxh4 Bxh4 18. Nc3 h5 19. b3 Rh6 20. Bd3 Ke7 21. Be4 Ba6 22. Rfc1 Kf8 23. Nd5 c6 24. Ne3 Bb7 25. Rc2 Bg5 26. Nf5 Re6 27. Nd6 Ba8 28. Bxc6 Bxc6 29. Rxc6 Rg6 30. Kh1 Bf4 31. Rc7 f6 32. Rf7+ Kg8 33. Rxa7 fxe5 34. Nf5 Kh7 35. Rg1 Rf8 36. Rxg6 Kxg6 37. Nh4+ Kf6 38. Ra6+ Kg5 39. Ng6 Rc8 40. Nxe5 Kf5 41. Kg2 g5 42. Nd3 Rc2 43. Ra5+ Kg4 44. h3+ Kh4 45. Ne1 Rc3 46. Nf3+ Rxf3 47. Kxf3 Kxh3 48. Rf5 Bd2 49. d5 g4+ 50. Ke2 Bb4 51. Rxh5+ 1-0


[Site "https://www.chess.com"]

[Event "Titled Tuesday Blitz November 14 Early 2023"]
[White "Alexandre, Anne Shopie Elizabeth"]
[Black "Demchenko, Anton"]
[WhiteFideId "11902418"]
[BlackFideId "4160258"]
[WhiteElo "2831"]
[BlackElo "3031"]
[Result "1/2-1/2"]
[Round "4"]
[TimeControl "180+1"]
[Date "2023.11.14"]
[WhiteClock "0:00:53"]
[BlackClock "0:00:27"]
[Board "10"]

1. e4 e5 2. Nf3 Nc6 3. Bc4 Nf6 4. d3 h6 5. a4 a5 6. Kf1 d6 7. Nc3 Be7 8. h3 O-O 9. g3 Kh8 10. Kg2 Nh7 11. g4 Ng5 12. Be3 Nb4 13. Nd5 Nxf3 14. Kxf3 Nxd5 15. Bxd5 c6 16. Bb3 d5 17. Kg2 Be6 18. Qf3 Bh4 19. Bc5 Re8 20. Rhe1 d4 21. Bxe6 fxe6 22. Rf1 b6 23. Ba3 c5 24. b3 Rf8 25. Qe2 Ra7 26. Bc1 Raf7 27. f3 Kh7 28. Bd2 g6 29. Rad1 h5 30. Bc1 Qe7 31. Qd2 g5 32. Qe2 Qf6 33. Bd2 Qg6 34. Ra1 Kg8 35. Rac1 Rh7 36. Rh1 Kf7 37. Rcf1 Ke7 38. Ra1 Kd7 39. Raf1 Rfh8 40. Rb1 Rf7 41. Rbf1 Rhf8 42. Bc1 Kd6 43. Bd2 Rf6 44. Bc1 Qe8 45. Bd2 Qf7 46. Qd1 Qg6 47. Qe2 Kc6 48. Qd1 Qf7 49. Qe2 Qg6 50. Qd1 R6f7 51. Qe2 Rf6 1/2-1/2


[Site "https://www.chess.com"]

[Event "Titled Tuesday Blitz November 14 Early 2023"]
[White "Martinez Alcantara, Jose Eduardo"]
[Black "CrazyAdvenTures"]
[WhiteFideId "3805662"]
[WhiteElo "3027"]
[BlackElo "2828"]
[Result "1-0"]
[Round "4"]
[TimeControl "180+1"]
[Date "2023.11.14"]
[WhiteClock "0:01:18"]
[BlackClock "0:00:37"]
[Board "11"]

1. e4 c5 2. Nf3 Nc6 3. c3 Nf6 4. Bd3 e5 5. Bc2 g5 6. h3 d6 7. d3 h6 8. Nbd2 Bg7 9. Nf1 g4 10. hxg4 Bxg4 11. Ne3 Be6 12. Nh4 Ne7 13. Qf3 Qd7 14. a3 O-O-O 15. b4 d5 16. bxc5 dxe4 17. dxe4 Kb8 18. O-O Rc8 19. Rd1 Qc6 20. a4 Ng6 21. Nhf5 Rhg8 22. Nxg7 Nf4 23. Nef5 Bxf5 24. Bxf4 exf4 1-0


[Site "https://www.chess.com"]

[Event "Titled Tuesday Blitz November 14 Early 2023"]
[White "Cherniaiev, Tykhon"]
[Black "Terry, Renato"]
[WhiteFideId "14182360"]
[BlackFideId "3803457"]
[WhiteElo "2826"]
[BlackElo "3018"]
[Result "1-0"]
[Round "4"]
[TimeControl "180+1"]
[Date "2023.11.14"]
[WhiteClock "0:00:03"]
[BlackClock "0:00:00"]
[Board "12"]

1. Nf3 d5 2. d4 Nf6 3. c4 dxc4 4. e3 e6 5. Bxc4 a6 6. O-O c5 7. dxc5 Bxc5 8. Qxd8+ Kxd8 9. Rd1+ Ke7 10. a3 b5 11. Be2 Bb7 12. b4 Bd6 13. a4 bxa4 14. Rxa4 Nbd7 15. Ba3 Nb6 16. Ra5 Rhd8 17. b5 Bxa3 18. Nxa3 axb5 19. Rxa8 Rxd1+ 20. Bxd1 Bxa8 21. Nxb5 Bc6 22. Nbd4 Bxf3 23. Bxf3 Nc4 24. Be2 Nd2 25. Nc6+ Kd6 26. Nd8 Ke7 27. Nc6+ Kf8 28. f3 Nb3 29. Kf2 Nc5 30. Ne5 Nfd7 31. Nxd7+ Nxd7 32. Bb5 Nc5 33. e4 e5 34. Ke3 Ke7 35. g3 f6 36. Bc4 Kd6 37. Bg8 h6 38. f4 Na4 39. Bb3 Nc3 40. Bg8 Nd1+ 41. Ke2 Nc3+ 42. Kd3 Nb5 43. Ke3 Nd4 44. Kd3 Kc5 45. Bf7 Nf3 46. Bh5 Nd4 47. Bf7 Kb4 48. Bg8 Kb5 49. Bf7 Kc6 50. Be8+ Kd6 51. Bf7 g5 52. fxg5 fxg5 53. h4 gxh4 54. gxh4 Nf3 55. h5 Ke7 56. Bg6 Nh4 57. Bf5 Kf6 58. Bg4 Ng2 59. Kc3 Kg5 60. Bf3 Ne1 61. Bh1 Kf4 62. Kc4 Nf3 63. Kd5 Ng5 64. Bg2 Kg3 65. Bh1 Kf4 66. Bg2 Nf7 67. Ke6 Ng5+ 68. Kf6 Nxe4+ 69. Kg6 1-0


[Site "https://www.chess.com"]

[Event "Titled Tuesday Blitz November 14 Early 2023"]
[White "Vokhidov, Shamsiddin"]
[Black "Vignesh N R"]
[WhiteFideId "14204223"]
[BlackFideId "25012215"]
[WhiteElo "3002"]
[BlackElo "2819"]
[Result "1-0"]
[Round "4"]
[TimeControl "180+1"]
[Date "2023.11.14"]
[WhiteClock "0:02:13"]
[BlackClock "0:01:34"]
[Board "13"]

1. b3 e5 2. Bb2 Nc6 3. e3 Nf6 4. Bb5 Bd6 5. Na3 Na5 6. Be2 O-O 7. Nb5 Re8 8. Nxd6 cxd6 9. Nf3 b6 10. d3 Bb7 11. O-O Rc8 12. c4 Nc6 13. e4 Ne7 14. Nh4 Ng6 15. Nf5 Nf4 16. Nxd6 Bc6 17. g3 Nh3+ 18. Kg2 Ng5 19. h4 Ne6 20. Nxe8 Nxe8 21. Bxe5 f5 22. Bf3 d6 23. exf5 dxe5 24. fxe6 Qd6 25. Bxc6 Qxc6+ 26. Qf3 Qxe6 27. Rfe1 Nf6 28. Re2 Rf8 29. Rae1 e4 30. Rxe4 Nxe4 31. Qxe4 Qf6 32. Qe6+ Qxe6 33. Rxe6 Rd8 34. Re7 a5 35. Rb7 Rxd3 36. Rxb6 Rd2 37. a4 Rd3 38. Rb5 Kf7 39. h5 h6 40. Kf1 Rd1+ 41. Ke2 Rb1 42. Kd2 Rb2+ 43. Kc3 Rxf2 44. Rxa5 Rf3+ 45. Kb4 Rxg3 46. Rd5 g5 47. a5 g4 48. a6 Rg1 49. a7 Ra1 50. Ra5 1-0


[Site "https://www.chess.com"]

[Event "Titled Tuesday Blitz November 14 Early 2023"]
[White "Samunenkov, Ihor"]
[Black "Xu, Xiangyu"]
[WhiteFideId "14187086"]
[BlackFideId "8608288"]
[WhiteElo "2763"]
[BlackElo "2975"]
[Result "0-1"]
[Round "4"]
[TimeControl "180+1"]
[Date "2023.11.14"]
[WhiteClock "0:00:00"]
[BlackClock "0:00:06"]
[Board "14"]

1. d4 Nf6 2. c4 e6 3. Nf3 b6 4. g3 Ba6 5. Qa4 c5 6. Bg2 Bb7 7. dxc5 bxc5 8. O-O Be7 9. Nc3 O-O 10. Rd1 Qb6 11. Bf4 d5 12. cxd5 exd5 13. Ne5 Rd8 14. Bg5 Nc6 15. Nxc6 Bxc6 16. Qb3 Rab8 17. Qxb6 Rxb6 18. Bxf6 Bxf6 19. Bxd5 Rdb8 20. Bxc6 Rxc6 21. Rab1 h6 22. Nd5 c4 23. Rdc1 Ra6 24. Nxf6+ gxf6 25. a3 Ra4 26. Rc2 Rxa3 27. Rxc4 Ra2 28. Rc2 a5 29. e3 a4 30. Rbc1 Raxb2 31. Rxb2 Rxb2 32. Rc8+ Kg7 33. Ra8 Ra2 34. Kg2 a3 35. g4 Ra1 36. h4 a2 37. h5 f5 38. gxf5 Kf6 39. e4 Kg5 40. Ra7 Kxh5 41. Ra6 Kg5 42. Ra4 h5 43. Ra7 Kf4 44. Ra4 h4 45. Kh2 f6 46. Kg2 Ke5 47. Kh2 Kf4 48. Kg2 Kg4 49. Kh2 Kg5 50. Kg2 Kf4 51. Kh2 h3 52. f3 Kxf3 53. e5 Re1 54. Rxa2 Rxe5 55. Kxh3 Rxf5 56. Kh2 Re5 57. Ra3+ Re3 58. Ra1 f5 59. Rf1+ Kg4 60. Kg2 Re2+ 61. Kg1 f4 62. Ra1 Kg3 63. Kf1 Rh2 64. Kg1 f3 65. Ra3 Rb2 0-1


[Site "https://www.chess.com"]

[Event "Titled Tuesday Blitz November 14 Early 2023"]
[White "Harshavardhan G B"]
[Black "Gholami Orimi, Mahdi"]
[WhiteFideId "25059009"]
[BlackFideId "12558486"]
[WhiteElo "2754"]
[BlackElo "2973"]
[Result "1-0"]
[Round "4"]
[TimeControl "180+1"]
[Date "2023.11.14"]
[WhiteClock "0:00:11"]
[BlackClock "0:00:03"]
[Board "15"]

1. d4 Nf6 2. c4 e6 3. Nc3 Bb4 4. f3 d5 5. a3 Bxc3+ 6. bxc3 c5 7. cxd5 Nxd5 8. dxc5 Qa5 9. e4 Ne7 10. Be3 O-O 11. Qb3 Nbc6 12. Kf2 e5 13. Bc4 Qc7 14. Ne2 Na5 15. Qb4 Nxc4 16. Qxc4 Be6 17. Qb5 f5 18. Rab1 Rab8 19. Qb4 fxe4 20. Qxe4 Bd5 21. Qh4 Nf5 22. Qb4 Qf7 23. Bc1 Qg6 24. Rd1 Bc6 25. Ng3 Nxg3 26. hxg3 Rbe8 27. Be3 Qf5 28. Qc4+ Kh8 29. g4 Qc2+ 30. Qe2 Qxc3 31. Rh1 Qxa3 32. Qc2 e4 33. Ra1 Qd3 34. Qxd3 exd3 35. Rhd1 Rd8 36. Rxa7 Rd5 37. Ra3 Rfd8 38. Rd2 h6 39. Rb3 R8d7 40. Rb4 Kh7 41. f4 Kg6 42. g3 Kf7 43. Rb3 Ba4 44. Ra3 Bc2 45. Ra8 Re7 46. Rb8 Rdd7 47. Kf3 Re6 48. f5 Re5 49. Bf2 Rde7 50. Bd4 Re2 51. Rxe2 dxe2 52. Bf2 e1=Q 53. Bxe1 Rxe1 54. Rxb7+ Kf6 55. Rb6+ Kf7 56. Rb7+ Kg8 57. Rb8+ Kh7 58. Kf2 Rc1 59. Rb7 Kg8 60. Rb8+ Kh7 61. Rb7 Be4 62. Re7 Bd5 63. f6 Rxc5 64. Rxg7+ Kh8 65. g5 hxg5 66. Rxg5 Rc2+ 67. Ke3 Bf7 68. Rg7 Rc7 69. Kf4 Rc4+ 70. Ke5 Rc7 71. Kd6 Ra7 72. g4 Ra6+ 73. Ke5 Ra5+ 74. Kf4 Ra4+ 75. Kg5 Bg8 76. Rc7 Ra1 77. Kg6 Ra6 78. Rc8 Rb6 79. g5 Ra6 80. Kh6 Rb6 81. Rf8 Ra6 82. g6 Rxf6 83. Rxf6 Bf7 84. Rxf7 Kg8 85. Ra7 Kf8 86. Ra8+ Ke7 87. g7 Kf6 88. g8=Q Kf5 89. Re8 1-0


[Site "https://www.chess.com"]

[Event "Titled Tuesday Blitz November 14 Early 2023"]
[White "Maltsevskaya, Aleksandra"]
[Black "Daneshvar, Bardiya"]
[WhiteFideId "24174041"]
[BlackFideId "12576468"]
[WhiteElo "2660"]
[BlackElo "2973"]
[Result "0-1"]
[Round "4"]
[TimeControl "180+1"]
[Date "2023.11.14"]
[WhiteClock "0:00:09"]
[BlackClock "0:01:15"]
[Board "16"]

1. Nf3 g6 2. g3 Bg7 3. Bg2 e5 4. d3 d5 5. O-O Ne7 6. Nbd2 O-O 7. e4 Nbc6 8. exd5 Nxd5 9. Nc4 Re8 10. Re1 f6 11. a4 Be6 12. c3 Qd7 13. Nfd2 Rad8 14. Ne4 b6 15. a5 Nde7 16. Bh6 Qxd3 17. Bxg7 Kxg7 18. Ncd6 Rxd6 19. Nxd6 Qxd6 20. Qxd6 cxd6 21. axb6 axb6 22. Ra6 Rb8 23. Rd1 d5 24. b4 e4 25. f4 f5 26. Kf2 Kf6 27. Bf1 d4 28. b5 e3+ 29. Ke1 Na5 30. Rxd4 Nd5 31. c4 Nc3 32. Rd6 Nb3 33. Raxb6 Rxb6 34. Rxb6 Ke7 35. Rb7+ Kd6 36. b6 Nd4 37. Bd3 e2 38. Bxe2 Ncxe2 39. Rxh7 Bxc4 40. b7 Nc6 41. Rg7 Ned4 42. Rxg6+ Kc7 43. h4 Be2 44. Rg7+ Kb8 45. g4 Bxg4 46. Rxg4 fxg4 47. h5 Nf5 48. Kf2 Kxb7 49. h6 Nxh6 50. Kg3 Ne7 51. f5 Nexf5+ 52. Kf4 Kc6 0-1


[Site "https://www.chess.com"]

[Event "Titled Tuesday Blitz November 14 Early 2023"]
[White "GatoRojo150"]
[Black "Mitrabha, Guha"]
[BlackFideId "5057000"]
[WhiteElo "2635"]
[BlackElo "2958"]
[Result "0-1"]
[Round "4"]
[TimeControl "180+1"]
[Date "2023.11.14"]
[WhiteClock "0:00:00"]
[BlackClock "0:00:08"]
[Board "17"]

1. e4 c6 2. Nc3 d5 3. Nf3 dxe4 4. Nxe4 Nf6 5. Qe2 Nxe4 6. Qxe4 Be6 7. b3 Nd7 8. Bb2 Nf6 9. Qh4 Bf5 10. O-O-O e6 11. Nd4 Bg6 12. Bc4 Be7 13. Bxe6 c5 14. Bxf7+ Kxf7 15. Nf3 Re8 16. Ne5+ Kg8 17. d4 Nd7 18. Qh3 Nxe5 19. dxe5 Qc8 20. Rd7 Qc6 21. Rhd1 c4 22. f4 Qe4 23. Qe6+ Bf7 24. Qg4 cxb3 25. axb3 Rac8 26. R1d2 Bxb3 27. R7d3 Bxc2 28. Rxc2 Rxc2+ 29. Kxc2 Rd8 30. Qf3 Qc4+ 31. Rc3 Qa4+ 32. Rb3 Qc4+ 33. Rc3 Qa4+ 34. Rb3 b5 35. Kb1 b4 36. f5 Qb5 37. f6 gxf6 38. exf6 Bd6 39. f7+ Kf8 40. Qe3 Qf5+ 41. Qd3 Qxf7 42. Rxb4 Be7 43. Qxd8+ Bxd8 44. Ba3 Qf1+ 45. Ka2 Be7 46. Rb2 Qc4+ 47. Rb3 Bxa3 48. Kxa3 Qc1+ 49. Ka2 Qd2+ 50. Rb2 Qd5+ 51. Kb1 Qe4+ 52. Ka2 Qe6+ 53. Ka3 Qd6+ 54. Kb3 Qxh2 55. g4 Qg3+ 56. Ka2 Qxg4 57. Rb8+ Kf7 58. Rb7+ Kg6 59. Rb4 Qxb4 0-1


[Site "https://www.chess.com"]

[Event "Titled Tuesday Blitz November 14 Early 2023"]
[White "Sydoryka, Vladyslav"]
[Black "Khismatullin, Denis"]
[WhiteFideId "14145928"]
[BlackFideId "4142578"]
[WhiteElo "2630"]
[BlackElo "2947"]
[Result "0-1"]
[Round "4"]
[TimeControl "180+1"]
[Date "2023.11.14"]
[WhiteClock "0:00:09"]
[BlackClock "0:01:33"]
[Board "18"]

1. c4 e6 2. g3 d5 3. Bg2 Nf6 4. Nf3 Be7 5. O-O O-O 6. b3 b6 7. Bb2 Bb7 8. e3 c5 9. Nc3 Qc8 10. cxd5 Nxd5 11. Rc1 Rd8 12. a3 Nxc3 13. Bxc3 Nc6 14. Qc2 Ba6 15. Rfd1 Be2 16. Re1 Bd3 17. Qb2 f6 18. b4 Qd7 19. bxc5 bxc5 20. Qa2 Rab8 21. Bh3 Kf7 22. e4 c4 23. e5 f5 24. Bf1 Bxf1 25. Kxf1 Qd5 26. Kg2 g5 27. h3 g4 28. hxg4 fxg4 29. Re3 gxf3+ 30. Rxf3+ Kg8 31. Re1 Rf8 32. Re3 Rxf3 33. Rxf3 Rf8 0-1


[Site "https://www.chess.com"]

[Event "Titled Tuesday Blitz November 14 Early 2023"]
[White "Gurel, Ediz"]
[Black "Demin, Vladimir"]
[WhiteFideId "44507356"]
[BlackFideId "4167457"]
[WhiteElo "2942"]
[BlackElo "2604"]
[Result "1-0"]
[Round "4"]
[TimeControl "180+1"]
[Date "2023.11.14"]
[WhiteClock "0:01:27"]
[BlackClock "0:00:21"]
[Board "19"]

1. e4 e5 2. Nf3 Nc6 3. Bb5 a6 4. Bxc6 dxc6 5. O-O Bg4 6. h3 h5 7. d3 Qf6 8. Nbd2 g5 9. hxg4 hxg4 10. Re1 gxf3 11. Qxf3 Qh6 12. Kf1 Ne7 13. Nc4 Ng6 14. Qf5 Qh1+ 15. Ke2 Qxg2 16. Nxe5 Be7 17. Qxf7+ Kd8 18. Nxg6 1-0


[Site "https://www.chess.com"]

[Event "Titled Tuesday Blitz November 14 Early 2023"]
[White "Bharath Subramaniyam H"]
[Black "Karas, Marek"]
[WhiteFideId "46634827"]
[BlackFideId "14928558"]
[WhiteElo "2926"]
[BlackElo "2550"]
[Result "1-0"]
[Round "4"]
[TimeControl "180+1"]
[Date "2023.11.14"]
[WhiteClock "0:02:11"]
[BlackClock "0:00:54"]
[Board "20"]

1. e4 e6 2. d4 d5 3. Nc3 Nf6 4. Bg5 Be7 5. e5 Nfd7 6. Bxe7 Qxe7 7. f4 a6 8. Nf3 c5 9. Qd2 Nc6 10. O-O-O b5 11. dxc5 Qxc5 12. Bd3 b4 13. Ne2 a5 14. f5 Ndxe5 15. Nxe5 Nxe5 16. Qg5 Nxd3+ 17. Rxd3 Ba6 18. Rd2 Rg8 19. fxe6 fxe6 20. Nf4 Qe7 21. Qe5 O-O-O 22. Nxd5 Qd6 23. Qxd6 Rxd6 24. Ne7+ 1-0


[Site "https://www.chess.com"]

[Event "Titled Tuesday Blitz November 14 Early 2023"]
[White "Baskakov, Egor"]
[Black "Pourkashiyan, Atousa"]
[WhiteFideId "24197866"]
[BlackFideId "12502014"]
[WhiteElo "2924"]
[BlackElo "2522"]
[Result "1/2-1/2"]
[Round "4"]
[TimeControl "180+1"]
[Date "2023.11.14"]
[WhiteClock "0:00:16"]
[BlackClock "0:00:14"]
[Board "21"]

1. e4 c5 2. Nf3 e6 3. Be2 a6 4. c4 Nc6 5. Nc3 Nf6 6. O-O d6 7. d4 cxd4 8. Nxd4 Qc7 9. Be3 Be7 10. Rc1 Nxd4 11. Qxd4 O-O 12. Rfd1 Bd7 13. h3 Rfd8 14. Rd2 Be8 15. Rcd1 Rac8 16. Qb6 Nd7 17. Qxc7 Rxc7 18. Na4 Rb8 19. Nb6 Nxb6 20. Bxb6 Rcc8 21. f4 Bc6 22. Bf3 f5 23. Re2 Kf7 24. b3 fxe4 25. Bxe4 Bxe4 26. Rxe4 Rc6 27. Ba7 Ra8 28. Bf2 b5 29. Rde1 bxc4 30. bxc4 Bf6 31. Rxe6 Rxc4 32. Rxd6 Rxf4 33. Rd7+ Kg6 34. Re3 h5 35. Rg3+ Kh7 36. Be3 Re4 37. Rf3 Rae8 38. Rxf6 Rxe3 39. Rxa6 Re1+ 40. Kh2 R1e7 41. Rd5 Re5 42. Raa5 Rxd5 43. Rxd5 Ra8 44. Rd2 Ra3 45. Kg1 Kg6 46. Kf1 Kf5 47. Ke1 g5 48. Kd1 g4 49. hxg4+ Kxg4 50. Kc1 Kg3 51. Kb2 Ra8 52. a3 h4 53. Kb3 Rf8 54. a4 Rf2 55. Rxf2 Kxf2 56. a5 Kxg2 57. a6 h3 58. a7 h2 59. a8=Q+ Kg1 60. Qg8+ Kf2 61. Qf7+ Kg1 62. Qg6+ Kf2 63. Qf5+ Kg1 64. Qg4+ Kf2 65. Qh3 Kg1 66. Qxh2+ Kxh2 1/2-1/2


[Site "https://www.chess.com"]

[Event "Titled Tuesday Blitz November 14 Early 2023"]
[White "Sychev, Klementy"]
[Black "Lacasa Diaz, Jose Antonio"]
[WhiteFideId "4114060"]
[BlackFideId "2203375"]
[WhiteElo "2907"]
[BlackElo "2360"]
[Result "1-0"]
[Round "4"]
[TimeControl "180+1"]
[Date "2023.11.14"]
[WhiteClock "0:00:12"]
[BlackClock "0:00:14"]
[Board "22"]

1. e4 c5 2. Nf3 d6 3. d4 cxd4 4. Nxd4 Nf6 5. Nc3 g6 6. Be3 Bg7 7. f3 Nc6 8. Qd2 O-O 9. O-O-O d5 10. Nxc6 bxc6 11. Bh6 Bxh6 12. Qxh6 e5 13. Qg5 Qd6 14. exd5 cxd5 15. h4 Kg7 16. h5 h6 17. Qd2 Nxh5 18. Qxd5 Qxd5 19. Rxd5 Ng3 20. Rg1 f6 21. Bb5 Rf7 22. Rgd1 Be6 23. Rd6 Re7 24. Nd5 Bxd5 25. R1xd5 Rc8 26. Rd7 Rc7 27. Rxe7+ Rxe7 28. c4 Ne2+ 29. Kd1 Nf4 30. Rd2 Rc7 31. b4 Kf7 32. c5 Ke7 33. Bc4 Ne6 34. Bxe6 Kxe6 35. Rd6+ Kf5 36. Ke2 h5 37. Ke3 g5 38. c6 g4 39. fxg4+ hxg4 40. b5 Rh7 41. Rd7 Rh1 42. Rxa7 Rc1 43. c7 Ke6 44. b6 Kd7 45. Ra8 f5 46. Rd8+ Ke7 47. c8=Q 1-0


[Site "https://www.chess.com"]

[Event "Titled Tuesday Blitz November 14 Early 2023"]
[White "Pranav, V"]
[Black "Begunov, Konstantin"]
[WhiteFideId "25060783"]
[BlackFideId "4118510"]
[WhiteElo "3097"]
[BlackElo "2448"]
[Result "1-0"]
[Round "4"]
[TimeControl "180+1"]
[Date "2023.11.14"]
[WhiteClock "0:00:12"]
[BlackClock "0:00:06"]
[Board "23"]

1. Nf3 d5 2. g3 c6 3. Bg2 Bg4 4. O-O Nd7 5. d3 e5 6. Nbd2 Ngf6 7. e4 dxe4 8. dxe4 Bc5 9. h3 Bh5 10. Qe2 Qe7 11. Rd1 O-O 12. Nc4 Bxf3 13. Qxf3 Rfd8 14. Ne3 Bxe3 15. Bxe3 Nc5 16. Qf5 Na4 17. b3 Rxd1+ 18. Rxd1 Nc3 19. Re1 Nxa2 20. f4 exf4 21. gxf4 Nc3 22. Bd4 Nb5 23. Bc5 Qe6 24. Qg5 h6 25. Qg3 Rd8 26. f5 Qd7 27. e5 Qxf5 28. c4 Nd4 29. Bxd4 Rxd4 30. exf6 Qxf6 31. Qc7 Rd2 32. Rf1 Qg5 33. Qxf7+ Kh8 34. Qf8+ Kh7 35. Qf3 a5 36. Kh1 Rb2 37. Qd3+ Kg8 38. Qe4 a4 39. Qe8+ Kh7 40. Be4+ g6 41. Rf7# 1-0


[Site "https://www.chess.com"]

[Event "Titled Tuesday Blitz November 14 Early 2023"]
[White "Korobov, Anton"]
[Black "Fernandez, Daniel"]
[WhiteFideId "14105730"]
[BlackFideId "2015390"]
[WhiteElo "3001"]
[BlackElo "2820"]
[Result "1-0"]
[Round "4"]
[TimeControl "180+1"]
[Date "2023.11.14"]
[WhiteClock "0:01:46"]
[BlackClock "0:00:17"]
[Board "24"]

1. d4 Nf6 2. Nf3 d5 3. c4 e6 4. Nc3 Bb4 5. Bg5 O-O 6. e3 h6 7. Bh4 c5 8. cxd5 exd5 9. Bd3 c4 10. Bb1 Qa5 11. Bxf6 Bxc3+ 12. bxc3 Qxc3+ 13. Nd2 gxf6 14. O-O Nc6 15. a3 Ne7 16. Ra2 Kg7 17. Qf3 Be6 18. Qg3+ Ng6 19. Nf3 Qa5 20. Nh4 f5 21. Bxf5 Bxf5 22. Nxf5+ Kf6 23. Nxh6 c3 24. h4 Rh8 25. Qg5+ Kg7 26. Nf5+ Kf8 27. h5 1-0


[Site "https://www.chess.com"]

[Event "Titled Tuesday Blitz November 14 Early 2023"]
[White "Matlakov, Maxim"]
[Black "Rakhmanov, Aleksandr"]
[WhiteFideId "4168003"]
[BlackFideId "4173708"]
[WhiteElo "2955"]
[BlackElo "2818"]
[Result "0-1"]
[Round "4"]
[TimeControl "180+1"]
[Date "2023.11.14"]
[WhiteClock "0:00:00"]
[BlackClock "0:00:03"]
[Board "25"]

1. d4 Nf6 2. Nf3 g6 3. g3 Bg7 4. Bg2 d5 5. O-O O-O 6. c3 c6 7. Bf4 Bg4 8. Nbd2 Bxf3 9. Nxf3 Nbd7 10. a4 a5 11. Qb3 Qb6 12. Qa3 Rfe8 13. h3 Ne4 14. Rad1 e5 15. dxe5 Nxe5 16. Nxe5 Bxe5 17. Bxe5 Rxe5 18. e3 Rae8 19. Rd4 h5 20. h4 Kg7 21. Bf3 Qc7 22. Kg2 Nd6 23. b3 Nf5 24. Rf4 Kg8 25. Qb2 Ng7 26. Rd4 Nf5 27. Rd3 Rxe3 28. fxe3 Qxg3+ 29. Kh1 Nxe3 30. Qe2 Qxh4+ 31. Kg1 Qg5+ 32. Bg2 Re4 33. Qf3 f5 34. Rf2 Ng4 35. Re2 Ne5 36. Qe3 Rxe3 37. Rdxe3 Ng4 38. Re8+ Kg7 39. R2e7+ Kf6 40. Re6+ Kf7 41. Re1 Qf6 42. Rc8 Qxc3 43. Bxd5+ Kf6 0-1


[Site "https://www.chess.com"]

[Event "Titled Tuesday Blitz November 14 Early 2023"]
[White "Idani, Pouya"]
[Black "Aravindh, Chithambaram VR."]
[WhiteFideId "12510130"]
[BlackFideId "5072786"]
[WhiteElo "2793"]
[BlackElo "2953"]
[Result "1-0"]
[Round "4"]
[TimeControl "180+1"]
[Date "2023.11.14"]
[WhiteClock "0:00:36"]
[BlackClock "0:00:00"]
[Board "26"]

1. e4 e6 2. d4 d5 3. e5 c5 4. c3 Bd7 5. Nf3 Qb6 6. Bd3 Bb5 7. dxc5 Bxc5 8. b4 Bxd3 9. Qxd3 Be7 10. O-O Nc6 11. Be3 Qc7 12. Nbd2 Nh6 13. Bxh6 gxh6 14. Rfe1 O-O-O 15. Nb3 Kb8 16. a4 Rdg8 17. a5 a6 18. b5 axb5 19. a6 b6 20. Nbd4 Na7 21. Nxb5 Qc4 22. Qxc4 dxc4 23. Nxa7 Kxa7 24. Nd4 Rc8 25. Nb5+ Ka8 26. Re4 Rc5 27. Rb1 Rd8 28. g3 Rdd5 29. Nd4 Bd8 30. Rf4 Rd7 31. Nb5 h5 32. Nd6 f5 33. Rxc4 Rxc4 34. Nxc4 Ka7 35. Nd6 Be7 36. Nc8+ Kxa6 37. Rxb6+ Ka5 38. Rxe6 Bc5 39. Nd6 Ra7 40. Nxf5 Kb5 41. Rf6 Kc4 42. e6 Kd3 43. Rf7 Ra1+ 44. Kg2 Ra2 45. Nd4 Kxc3 46. e7 Ra8 47. Ne6 Bd6 48. Rf8 1-0


[Site "https://www.chess.com"]